 Dungeon Sprint DCSS version 0.23-a0-171-g5ae17c6 (webtiles) character file.

443 Fang the Fighter (level 7, 0/52 HPs)
             Began as a Gargoyle Berserker on Sept 13, 2018.
             Was a Believer of Trog.
             Slain by a merfolk
             ... wielding a +0 trident
              (3 damage)
             ... in the Dungeon (Sprint V: "Ziggurat Sprint").
             The game lasted 00:00:46 (132 turns).

Fang the Fighter (Gargoyle Berserker)                Turns: 132, Time: 00:00:47

Health: 0/52       AC: 22    Str: 35    XL:     7   Next: 2%
Magic:  7/7        EV: 11    Int:  7    God:    Trog [**....]
Gold:   0          SH:  0    Dex:  9    Spells: 6/6 levels left

rFire    . . .     SeeInvis .   k - +5 executioner's axe
rCold    . . .     Gourm    .   (shield currently unavailable)
rNeg     + . .     Faith    .   j - +5 shadow dragon scales
rPois    ∞         Spirit   .   (no helmet)
rElec    +         Reflect  .   (no cloak)
rCorr    .         Harm     .   (no gloves)
MR       .....     NoTele   +   (no boots)
Stlth    ++........             (no amulet)
HPRegen  0.17/turn              D - +6 ring of strength
MPRegen  0.10/turn              E - +6 ring of strength

@: berserk cooldown, slowed, very slow
A: negative energy resistance 1, electricity resistance, unbreathing,
petrification resistance, rot immunity, AC +4
a: Berserk, Trog's Hand, Renounce Religion


You were in the Dungeon.
You worshipped Trog.
Trog was pleased with you.
You were not hungry.

You visited 1 branch

Inventory:

Hand Weapons
 k - a +5 executioner's axe (weapon)
Armour
 j - +5 shadow dragon scales (worn)
Jewellery
 D - a +6 ring of strength (left hand)
 E - a +6 ring of strength (right hand)
Wands
 w - a wand of disintegration (7)
 x - a wand of iceblast (7)
 y - a wand of acid (7)
Scrolls
 i - 4 scrolls of blinking
 l - 7 scrolls of fog
 m - a scroll of holy word
 n - 5 scrolls of identify
 o - 5 scrolls of remove curse
 p - 2 scrolls of fear
Potions
 d - 10 potions of curing
 e - 10 potions of heal wounds
 f - 6 potions of haste
 g - 7 potions of magic
 h - 3 potions of berserk rage
 q - 2 potions of brilliance
 r - 2 potions of invisibility
 s - 4 potions of resistance
 t - a potion of experience
 u - 5 potions of agility
 v - 5 potions of might
Miscellaneous
 b - a lamp of fire
Comestibles
 a - 3 chunks of flesh
 c - 7 rations


   Skills:
 + Level 10.1 Fighting
 + Level 9.0 Axes
 + Level 6.0 Armour
 + Level 3.9 Dodging


You had 6 spell levels left.
You didn't know any spells.
Your spell library was empty.

Dungeon Overview and Level Annotations

Branches:
Dungeon (1/1)

Altars:
Ashenzari
Cheibriados
Dithmenos
Elyvilon
Fedhas
Gozag
Hepliaklqana
Kikubaaqudgha
Makhleb
Nemelex Xobeh
Okawaru
Qazlal
Ru
Sif Muna
Trog
Uskayaw
Vehumet
Wu Jian
Xom
Yredelemnul
Zin
The Shining One
Beogh
Jiyva
Lugonu

Annotations:
D 1 transporter


Innate Abilities, Weirdness & Mutations

You are resistant to torment.
Your stone body is resilient. (AC +4)
You are immune to poison.
You resist negative energy. (rN+)
You are resistant to electric shocks. (rElec)
You can survive without breathing.
You are immune to petrification.
You are immune to rotting.


Message History

You have reached level 7!
Your shadow dragon scales prevents you from hitting the merfolk.
The merfolk hits you with a trident.
* * * LOW HITPOINT WARNING * * *
The merfolk hits you from afar with a trident!
* * * LOW HITPOINT WARNING * * *
The merfolk completely misses you.
You are no longer berserk.
You are exhausted.
You feel yourself slow down. The merfolk barely misses you.
You closely miss the merfolk.
The merfolk hits you but does no damage.
The merfolk closely misses you.
The merfolk hits you but does no damage. x2
Unknown command.
You closely miss the merfolk. The merfolk hits you with a trident.
* * * LOW HITPOINT WARNING * * *
The merfolk hits you but does no damage.
The merfolk hits you with a trident.
You die...

▓▓▓▓▓▓▓▓▓▓▓▓▓
▓.8©8.▓.8©8.▓
▓.)}).▓.....▓
▓...m.▓...|.▓
▓..)m.▓.÷)..▓
▓...@.▓.....▓
▓.....▓..©..▓
▓..©..▓▓▓▓▓▓▓
▓▓▓▓▓▓▓


You could see 2 merfolk.

Vanquished Creatures
  A merfolk (D)
  A spriggan (D)
  A black bear (D)
3 creatures vanquished.

Notes
Turn   | Place    | Note
-------+----------+-------------------------------------------
     0 | D        | Found the +6 Majin-Bo {vamp, Archmagi MP+6 Int+6}
     0 | D        | Found the +7 great mace "Firestarter" {inner flame, rF++}
     0 | D        | Fang the Gargoyle Berserker began the quest for the Orb.
     0 | D        | Reached XP level 1. HP: 14/14 MP: 1/1
     3 | D        | Found a blossoming altar of Fedhas.
    18 | D        | Found a viscous altar of Jiyva.
    18 | D        | Found a hazy altar of Hepliaklqana.
    18 | D        | Found a transporter.
    18 | D        | Found an opulent altar of Gozag.
    18 | D        | Found an ancient bone altar of Kikubaaqudgha.
    18 | D        | Found a corrupted altar of Lugonu.
    25 | D        | Found a burning altar of Makhleb.
    26 | D        | Found a sacrificial altar of Ru.
    26 | D        | Found a stormy altar of Qazlal.
    26 | D        | Found a deep blue altar of Sif Muna.
    26 | D        | Found an iron altar of Okawaru.
    26 | D        | Found a bloodstained altar of Trog.
    26 | D        | Found a sparkling altar of Nemelex Xobeh.
    74 | D        | Entered arena 2.
    74 | D        | Noticed a black bear
    74 | D        | Noticed a spriggan
    74 | D        | Found a transporter.
    78 | D        | Killed a black bear
    78 | D        | Reached skill level 6 in Fighting
    78 | D        | Reached skill level 5 in Axes
    78 | D        | Reached XP level 2. HP: 23/23 MP: 2/2
    78 | D        | Reached XP level 3. HP: 28/28 MP: 3/3
    78 | D        | Reached XP level 4. HP: 32/32 MP: 4/4
    81 | D        | Killed a spriggan
    81 | D        | Reached skill level 8 in Fighting
    81 | D        | Reached skill level 5 in Armour
    81 | D        | Reached XP level 5. HP: 40/40 MP: 5/5
    81 | D        | Reached XP level 6. HP: 45/45 MP: 6/6
   122 | D        | Entered arena 3.
   122 | D        | Noticed a merfolk
   122 | D        | Noticed a merfolk
   122 | D        | Noticed a merfolk
   122 | D        | Found a transporter.
   129 | D        | Killed a merfolk
   129 | D        | Reached ** piety under Trog
   129 | D        | Reached skill level 10 in Fighting
   129 | D        | Reached XP level 7. HP: 15/52 MP: 7/7
   132 | D        | Slain by a merfolk

Vault maps used:
D:        sprint_v

Skill      XL: |  1  2  3  4  5  6 |
---------------+-------------------+-----
Fighting       | 6 8 10 | 10.1
Axes           | 5 7 9 |  9.0
Armour         | 3 5 6 |  6.0
Dodging        | 2 3 |  3.9

Action                   |  1- 3 |  4- 6 |  7- 9 || total
-------------------------+-------+-------+-------++-------
Melee: Executioner's axe |     2 |     7 |     2 ||    11
Invok: Berserk           |     1 |     1 |       ||     2
Armor: Shadow dragon sca |     4 |     4 |     4 ||    12
Dodge: Dodged            |     3 |     3 |     3 ||     9

Table legend:
 A = Non-vault XP
 B = Vault XP
 C = Vault XP percentage of total XP
 D = Non-vault monster count
 E = Vault monster count
 F = Vault count percentage of total count
                 A         B        C        D         E       F
            +---------+---------+-------+---------+---------+-------
      Total |       0 |     634 | 100.0 |       0 |       3 | 100.0
            +---------+---------+-------+---------+---------+-------
          D |       0 |     634 | 100.0 |       0 |       3 | 100.0
            +---------+---------+-------+---------+---------+-------
